Map: Triton LE

Players

Neeb

  • Race: Protoss Protoss
  • Spawn Location: 5:00

Zest - Winner!

  • Race: Protoss Protoss
  • Spawn Location: 11:00

VOD

Have the link to the VOD?

Description

Time

  • Played on: Jan. 7, 2020, 6:17 p.m.
  • Length: 10:24
Show
View Real Time Build Order
Export as new Build Order

Neeb Protoss 

Build Orders: Phoenix Opening 

Get SALT Encoding   

  12  0:00  Probe  
  13  0:12  Probe  
  14  0:17  Pylon  
  14  0:25  Probe (Chrono Boost)  
  15  0:37  Probe (Chrono Boost), Gateway  
  16  0:44  Probe (Chrono Boost)  
  16  0:46  Assimilator  
  17  0:51  Probe  
  17  0:54  Assimilator  
  18  1:03  Probe (Chrono Boost)  
  19  1:07  Gateway  
  19  1:12  Probe (Chrono Boost)  
  19  1:17  Probe (Chrono Boost)  
  21  1:27  Cybernetics Core  
  21  1:29  Probe  
  22  1:35  Pylon  
  22  1:41  Probe  
  23  1:53  Probe  
  24  2:03  Warp Gate (Chrono Boost), Sentry, Stalker  
  24  2:07  Pylon  
  28  2:13  Probe  
  29  2:21  Shield Battery  
  29  2:29  Sentry  
  31  2:36  Nexus  
  31  2:38  Phoenix  
  31  2:43  Stalker  
  34  2:51  Probe  
  34  2:55  Stalker  
  37  3:11  Shield Battery  
  36  3:13  Sentry  
  36  3:14  Shield Battery  
  36  3:17  Pylon  
  39  3:28  Robotics Facility  
  37  3:44  Sentry  
  37  3:47  Shield Battery  
  39  3:52  Stalker  
  39  3:55  Probe x2  
  43  4:09  Shield Battery  
  43  4:13  Immortal (Chrono Boost)  
  47  4:19  Adept  
  49  4:26  Adept  
  51  4:31  Shield Battery  
  51  4:42  Warp Prism (Chrono Boost)  
  53  4:53  Pylon  
  39  5:10  Pylon  
  35  5:18  Stalker x2  
  38  5:25  Immortal (Chrono Boost)  
  42  5:41  Sentry x2  
  45  5:46  Probe x2  
  47  5:57  Immortal (Chrono Boost)  
  47  6:03  Probe  
  52  6:05  Probe  
  53  6:13  Adept  
  53  6:15  Probe  
  56  6:29  Probe  
  56  6:30  Probe  
  54  6:41  Probe  
  54  6:42  Probe  
  54  6:45  Observer (Chrono Boost)  
  57  6:53  Probe  
  56  6:54  Probe  
  56  6:59  Adept x2, Immortal (Chrono Boost)  
  65  7:12  Probe  
  65  7:13  Phoenix  
  67  7:17  Robotics Bay  
  67  7:18  Gateway  
  67  7:19  Probe  
  67  7:26  Probe  
  67  7:33  Stalker  
  69  7:37  Pylon  
  69  7:40  Pylon  
  67  7:46  Probe  
  67  7:47  Probe  
  65  7:57  Stalker x2  
  65  7:58  Probe  
  70  8:02  Probe  
  71  8:12  Colossus (Chrono Boost)  
  71  8:14  Probe  
  78  8:25  Stalker  
  79  8:31  Probe, Pylon  
  79  8:32  Probe  
  81  8:36  Zealot x2  
  81  8:39  Pylon  
  81  8:41  Pylon  
  85  8:51  Stalker  
  87  8:58  Zealot x2  
  91  9:16  Probe, Stalker  
  91  9:17  Probe  
  95  9:19  Stalker x2  
  95  9:20  Assimilator x2  
  95  9:23  Stalker x2  
  95  9:45  Gateway, Stalker  
  97  9:47  Stalker  
  97  9:48  Gateway, Stalker  
  97  9:51  Gateway  
  101  9:54  Forge  
  89  10:13  Adept x3  
Show
View Real Time Build Order
Export as new Build Order

Zest Protoss - Winner!

Build Orders:  

Get SALT Encoding   

  12  0:00  Probe  
  13  0:13  Probe  
  14  0:17  Pylon  
  14  0:25  Probe (Chrono Boost)  
  15  0:36  Gateway  
  15  0:37  Probe (Chrono Boost)  
  16  0:45  Probe (Chrono Boost)  
  16  0:46  Assimilator  
  17  0:51  Probe  
  17  0:54  Assimilator  
  18  1:03  Probe (Chrono Boost)  
  19  1:07  Gateway  
  19  1:13  Probe (Chrono Boost)  
  19  1:18  Probe (Chrono Boost)  
  20  1:23  Cybernetics Core  
  21  1:29  Probe  
  22  1:35  Pylon  
  22  1:42  Probe  
  24  2:00  Robotics Facility  
  24  2:01  Warp Gate  
  24  2:03  Stalker  
  25  2:09  Stalker  
  25  2:12  Probe  
  28  2:19  Pylon  
  28  2:40  Stalker  
  30  2:44  Immortal (Chrono Boost)  
  34  2:54  Sentry  
  36  3:13  Warp Prism (Chrono Boost), Shield Battery  
  36  3:19  Pylon  
  38  3:42  Immortal  
  42  3:53  Stalker x2  
  45  4:13  Pylon  
  45  4:16  Stalker  
  47  4:19  Stalker  
  48  4:31  Observer  
  48  4:42  Pylon  
  48  4:49  Stalker x2  
  43  5:07  Probe  
  43  5:19  Probe  
  44  5:31  Probe, Immortal (Chrono Boost)  
  45  5:45  Nexus  
  45  5:47  Stargate  
  45  5:53  Stargate  
  45  5:54  Probe  
  46  6:06  Probe (Chrono Boost)  
  46  6:08  Pylon  
  47  6:18  Probe (Chrono Boost)  
  48  6:25  Probe (Chrono Boost)  
  49  6:32  Probe  
  48  6:40  Phoenix (Chrono Boost)  
  48  6:41  Phoenix (Chrono Boost)  
  48  6:44  Probe  
  48  6:46  Observer  
  53  6:56  Probe  
  53  6:57  Probe  
  55  7:02  Assimilator  
  55  7:03  Phoenix x2 (Chrono Boost)  
  55  7:04  Assimilator  
  59  7:08  Probe  
  60  7:16  Shield Battery  
  60  7:30  Phoenix (Chrono Boost)  
  60  7:35  Probe  
  60  7:36  Probe  
  66  7:37  Phoenix (Chrono Boost), Pylon  
  66  7:49  Probe x2  
  68  7:53  Zealot x2  
  68  7:55  Shield Battery  
  68  7:56  Shield Battery  
  68  7:57  Shield Battery  
  72  8:14  Probe x2  
  72  8:16  Robotics Facility  
  74  8:30  Gateway  
  74  8:31  Gateway  
  74  8:32  Gateway, Sentry  
  74  8:33  Gateway, Sentry  
  78  8:36  Pylon  
  78  8:50  Twilight Council  
  78  9:07  Immortal (Chrono Boost)  
  76  9:13  Stalker x2  
  84  9:27  Stalker x3  
  84  9:31  Dark Shrine  
  90  9:36  Immortal (Chrono Boost)  
  94  9:49  Pylon x2  
  90  10:05  Stalker x3  
  90  10:06  Stalker  
  88  10:19  Zealot  
  88  10:20  Zealot  
Tags
 
Add a new tag
Caveats
  • Supply blocks, unpowered buildings, or Contaminate may cause inaccurate times.
  • Supply counts are checked every 10 seconds.